AoeStats
← 包莖

Lombardia

510130155Analyzed
4v4 RM · 20d ago on Sep 29, 2026· 26m 22s· 8 players
Game mode
Random Map
Map size
Large (8 player)
Population
200
Speed
Normal
Resources
Standard
Victory
Conquest
Starting age
Dark Age
Ending age
Imperial Age
RankedLock teamsTeams togetherTeam positionsShared explorationLock speedFull tech treeHidden civsTurbo modeCheats
Victory
Defeat
🇨🇳 Hindustanis · China
1657
+14
🇭🇺 Khmer · Hungary
1588
+17
🇨🇳 Varangians · China
1586
+17
🇦🇷 Mongols · Argentina
1580
+18
vs
🇹🇼 Varangians · Taiwan
1645
-18
🇹🇼 Turks · Taiwan
1638
-17
🇹🇼 Hindustanis · Taiwan
1600
-16
🇹🇼 Mapuche · Taiwan
1580
-15
[KOF] JoakoM
5:50 Loom
8:04 Feudal Age
8:55 Double-Bit Axe
14:30 Scale Barding Armor
19:57 Castle Age
18:14 Horse Collar
18:33 Gold Mining
19:30 Bloodlines
21:06 Chain Barding Armor
27:26 Wheelbarrow
_John_
6:03 Loom
8:35 Feudal Age
9:11 Double-Bit Axe
11:59 Horse Collar
20:32 Castle Age
24:50 Light Cavalry
25:31 Husbandry
26:04 Forging
27:03 Wheelbarrow
26:18 Town Watch
Envetel
4:47 Loom
8:34 Feudal Age
8:21 Loom
9:20 Double-Bit Axe
10:08 Horse Collar
14:32 Wheelbarrow
14:30 Scale Barding Armor
19:39 Castle Age
18:28 Fletching
19:06 Bloodlines
20:28 Gold Mining
20:37 Bodkin Arrow
20:46 Husbandry
22:03 Bow Saw
23:52 Padded Archer Armor
25:08 Chain Barding Armor
26:42 Ballistics
26:38 Town Watch
克莱因蓝
10:16 Feudal Age
9:12 Loom
14:18 Castle Age
12:54 Double-Bit Axe
13:07 Horse Collar
15:09 Bow Saw
20:12 Scale Barding Armor
22:42 Husbandry
22:52 Bloodlines
24:29 Forging
包莖
1:22 Loom
5:39 Loom
8:41 Feudal Age
9:54 Double-Bit Axe
12:45 Horse Collar
19:40 Wheelbarrow
19:14 Scale Barding Armor
19:22 Forging
21:05 Town Watch
24:36 Castle Age
24:28 Bloodlines
26:39 Bow Saw
暴陽
8:11 Loom
13:23 Feudal Age
14:19 Double-Bit Axe
14:25 Gold Mining
17:33 Castle Age
18:35 Bow Saw
21:32 Imperial Age
19:34 Horse Collar
24:11 Sanctity
皮眼派對
8:51 Feudal Age
10:19 Double-Bit Axe
12:13 Bloodlines
15:43 Loom
16:12 Scale Barding Armor
16:19 Forging
19:44 Wheelbarrow
23:40 Castle Age
23:42 Light Cavalry
24:41 Bow Saw
25:03 Chain Barding Armor
wildanimal
13:03 Feudal Age
13:43 Horse Collar
16:36 Castle Age
14:28 Double-Bit Axe
15:15 Gold Mining
15:30 Fletching
17:30 Bow Saw
17:22 Heavy Plow
18:25 Bodkin Arrow
23:25 Wheelbarrow
23:37 Ballistics
23:59 Padded Archer Armor
25:22 Gold Shaft Mining
26:38 Hand Cart
Connection lost

Rejoining the realm…

Still unreachable

The connection could not be restored.

Session expired

The server has moved on; the page needs a fresh start.